 Dungeon Crawl Stone Soup version 0.29.1-12-g30fa7ad0bf (webtiles) character file.

Game seed: 11646450307169844630

91 hawla the Firebug (level 5, -2/38 HPs)
             Began as a Meteoran Fire Elementalist on Jan 14, 2023.
             Slain by a scorpion (6 damage)
             ... on level 4 of the Dungeon.
             The game lasted 00:04:02 (814 turns).

hawla the Firebug (Meteoran Fire Elementalist)       Turns: 814, Time: 00:04:03

Health: -2/38      AC:  2    Str: 10    XL:     5   Next: 12%
Magic:  1/11       EV: 12    Int: 18    God:
Gold:   75         SH:  0    Dex: 14    Spells: 4/11 levels left

rFire   . . .      SeeInvis .   (no weapon)
rCold   . . .      Faith    .   (no shield)
rNeg    . . .      Spirit   .   a - +0 robe
rPois   .          Reflect  .   (no helmet)
rElec   .          Harm     .   (no cloak)
rCorr   .          Rampage  .   (no gloves)
Will    .....                   (no boots)
Stlth   +.........              (no amulet)
HPRegen 0.12/turn               b - +4 ring of slaying
MPRegen 0.12/turn               (no ring)

@: lethally poisoned (-2 -> -8), glowing
A: sense surroundings 1, otherworldly, glowing, explore regen
a: no special abilities


You were on level 4 of the Dungeon.
You visited 1 branch of the dungeon, and saw 4 of its levels.

You collected 75 gold pieces.

Inventory:

Armour
 a - a +0 robe (worn)
Jewellery
 b - a +4 ring of slaying (left hand)
 i - a ring of poison resistance
Scrolls
 e - a scroll of fear {unknown}
 f - a scroll of amnesia {unknown}
 g - 3 scrolls of identify {unknown}
Potions
 c - a potion of cancellation {unknown}
 d - 2 potions of haste {unknown}
 h - a potion of heal wounds {unknown}


   Skills:
 - Level 2.8 Dodging
 - Level 1.4 Stealth
 - Level 3.5 Spellcasting
 + Level 2.2 Conjurations
 - Level 5.2 Fire Magic


You had 4 spell levels left.
You knew the following spells:

 Your Spells              Type           Power      Damage    Failure   Level
a - Foxfire               Conj/Fire      64%        2x1d7     3%          1
b - Scorch                Fire           44%        2d7       2%          2
c - Flame Wave            Conj/Fire      16%        2d7       32%         4

Your spell library contained the following spells:

 Spells                   Type           Power      Damage    Failure   Level
 Conjure Flame            Conj/Fire      16%        6-21      10%         3
 Sting                    Tmut/Pois      12%        1d3       16%         1
 Inner Flame              Hex/Fire       12%        N/A       16%         3
 Poisonous Vapours        Pois/Air       6%         N/A       24%         2
 Olgreb's Toxic Radiance  Pois           3%         N/A       83%         4


Dungeon Overview and Level Annotations

Branches:
Dungeon (4/15) Zot: 1586
 Temple: D:4-7

Altars:
Gozag
Hepliaklqana
Nemelex Xobeh


Innate Abilities, Weirdness & Mutations

You passively map a small area around you.
You are easily found by Zot.
You glow in the dark.
You regain HP and MP as you explore.


Message History

Confirm with . or Enter, or press ? or * to list all spells.
Flames lash the kobold.
You kill the kobold!
A scorpion comes into view.
As you close the door, it creaks loudly!
A gnoll opens the door.
It is wielding a +0 halberd.
The gnoll moves out of view.
A gnoll is nearby!
The gnoll hits you with a +0 halberd!
Casting: Scorch (safe; 2% risk of failure)
Confirm with . or Enter, or press ? or * to list all spells.
The spell is extremely dangerous to miscast (32% risk of failure)!
Continue anyway?
Casting: Flame Wave (extremely dangerous; 32% risk of failure)
Press: ? - help, Dir - look around, f - activate A wave of flame ripples out!
The flame wave engulfs the gnoll.
The gnoll is moderately wounded.
The flame wave engulfs the scorpion.
The scorpion is lightly wounded. (Press . to intensify the flame waves.)
You hear a shout!
The scorpion stings you.
You are poisoned.
The scorpion poisons you! The gnoll closely misses you.
A wave of flame ripples out!
The flame wave engulfs the gnoll.
The gnoll is heavily wounded.
The flame wave engulfs the scorpion!
The scorpion is severely wounded.
You feel very sick.
You hear an angry hiss.
The scorpion stings you but does no damage.
The gnoll hits you with a +0 halberd!
* * * LOW HITPOINT WARNING * * *
A wave of flame ripples out!
The flame wave engulfs the gnoll!
You kill the gnoll!
The flame wave engulfs the scorpion.
The scorpion is almost dead.
You finish channelling waves of flame.
* * * LOW HITPOINT WARNING * * *
You feel sick. The scorpion stings you.
You die...

, ####.... , *
#######....... , , ,
,........_..... . * ,
######........ .., * ,
###...... ... ## ###....
.... #.,####* * ###.. ,
.....#.##..### , # #..
.##.# , #......@)###,
,*#.## #.. ..#># *
#.#.#..s...### s#. #.#
.... #.#.#.#'#......###
..##.# ....
#.#.#.#.###......###,gs#.#
.# .## #...#.#.
###......###g#.. .# ..#
#...#.## , ,###......#'#.#
.###.# #...#.#,
###......#.#
..##.###...#.#, * ,
##......##.#
..##.##....#.# ,
##......###.#


You could see a scorpion.

Vanquished Creatures
  A hound (D:4)
  A gnoll (D:4)
  3 adders
  An ufetubus (D:4)
  A worm (D:2)
  An endoplasm (D:3)
  2 giant cockroaches
  4 goblins
  3 hobgoblins
  3 kobolds (D:4)
  4 quokkas
  A ball python (D:1)
  2 frilled lizards (D:2)
  A rat (D:3)
28 creatures vanquished.

Vanquished Creatures (others)
  47 foxfires
47 creatures vanquished.

Grand Total: 75 creatures vanquished

Notes
Turn   | Place    | Note
-------+----------+-------------------------------------------
     0 | D:1      | hawla the Meteoran Fire Elementalist began the quest for
                  | the Orb.
     0 | D:1      | Reached XP level 1. HP: 14/14 MP: 5/5
   101 | D:2      | Reached XP level 2. HP: 20/20 MP: 3/6
   104 | D:2      | Learned a level 2 spell: Scorch
   111 | D:2      | Found a hazy altar of Hepliaklqana.
   127 | D:2      | Reached skill level 4 in Fire Magic
   176 | D:2      | Reached XP level 3. HP: 26/26 MP: 0/8
   440 | D:4      | Found an opulent altar of Gozag.
   539 | D:4      | Found a sparkling altar of Nemelex Xobeh.
   579 | D:4      | Reached XP level 4. HP: 33/33 MP: 2/9
   702 | D:4      | Reached skill level 5 in Fire Magic
   710 | D:4      | Reached XP level 5. HP: 34/38 MP: 0/11
   715 | D:4      | Learned a level 4 spell: Flame Wave
   814 | D:4      | Slain by a scorpion

Illustrated notes

Levels and vault maps discovered:
D:1:      dpeg_arrival_tiny_g, layout_basic, serial_shops, nicolae_diamond_shop,
          roderic_serpentine_path
D:2:      layout_loops_corners, hellmonk_ecumenical_altar_leap_of_faith,
          basic_altar, minmay_pentomino_q2
D:3:      layout_rooms, nicolae_overflow_hidden_temple, uniq_grinder
D:4:      minmay_razor_zed, layout_rooms, nicolae_gozag_seed_capital,
          okawaru_gym_becter, mainiacjoe_overflow_catwalk,
          mainiacjoe_overflow_brackets

Skill      XL: |  1  2  3  4 |
---------------+-------------+-----
Fire Magic     | 4 5 |  5.2
Spellcasting   | 3 |  3.5
Conjurations   | 2 |  2.2
Dodging        | |  2.8
Stealth        | |  1.4

Action                   |  1- 3 |  4- 6 || total
-------------------------+-------+-------++-------
Melee: Unarmed           |     3 |     4 ||     7
 Cast: Foxfire           |    27 |     6 ||    33
       Scorch            |     9 |     6 ||    15
       Flame Wave        |       |     1 ||     1
  Use: Potion            |     1 |       ||     1
Armor: Robe              |     2 |     6 ||     8
Dodge: Dodged            |     3 |     6 ||     9
